 Dungeon Crawl Stone Soup version 0.30.1-11-g7821555f0a (webtiles) character file.

Game seed: 2985470793167011276

93 altug the Ruffian (level 4, -1/40 HPs)
             Began as a Ghoul Monk on Nov 26, 2023.
             Slain by a gnoll
             ... wielding a +0 halberd
              (6 damage)
             ... on level 3 of the Dungeon.
             The game lasted 00:12:15 (1941 turns).

altug the Ruffian (Ghoul Monk)                      Turns: 1941, Time: 00:12:15

Health: -1/40      AC:  8    Str: 14    XL:     4   Next: 62%
Magic:  2/3        EV:  8    Int:  5    God:
Gold:   59         SH:  0    Dex: 19    Spells: 2/3 levels left

rFire   . .          .
                       - Unarmed
rCold   + . .        c - orb {light}
rNeg    + + +        p - +0 chain mail
rPois   ∞            (no helmet)
rElec   .            (no cloak)
rCorr   .            (no gloves)
SInv    .            (no boots)
Will    .....        (no amulet) Stlth
                     e - +6 ring of dexterity
HPRegen 0.00/turn    (no ring)
MPRegen 0.08/turn

%: no passive effects
@: very slightly contaminated, inhibited regen, glowing
A: claws 1, cold resistance 1, negative energy resistance 3, inhibited
regeneration, torment resistance 2, devour on kill
a: no special abilities


You were on level 3 of the Dungeon.
You visited 1 branch of the dungeon, and saw 3 of its levels.

You collected 89 gold pieces.
You spent 30 gold pieces at shops.

Inventory:

Armour
 a - a +0 robe
 c - an orb of light (worn)
 d - a +0 robe
 p - a +0 chain mail (worn)
 w - a +0 ring mail
Jewellery
 e - a +6 ring of dexterity (left claw)
Scrolls
 f - a scroll of vulnerability {unknown}
 h - 2 scrolls of identify {unknown}
 i - a scroll of immolation {unknown}
 j - a scroll of fear {unknown}
 k - a scroll of amnesia {unknown}
 l - 2 scrolls of blinking {unknown}
 o - 2 scrolls of teleportation {unknown}
 r - a scroll of poison {unknown}
Potions
 m - 2 potions of resistance {unknown}
 n - 2 potions of degeneration {unknown}
 s - a potion of brilliance {unknown}
 t - a potion of might {unknown}
 u - a potion of flight {unknown}
 v - a potion of magic {unknown}
 x - a potion of lignification {unknown}


   Skills:
 + Level 4.0 Fighting
 + Level 3.2 Dodging
 + Level 1.2 Stealth
 + Level 4.4 Unarmed Combat
 + Level 0.1 Spellcasting
 + Level 0.2 Earth Magic


You had 2 spell levels left.
You knew the following spells:

 Your Spells              Type           Power      Damage    Failure   Level
a - Sandblast             Erth           0%         2d4       100%        1

Your spell library contained the following spells:

 Spells                   Type           Power      Damage    Failure   Level
 Passwall                 Tmut/Erth      0%         N/A       100%        2
 Stone Arrow              Conj/Erth      0%         3d7       100%        3


Dungeon Overview and Level Annotations

Branches:
Dungeon (3/15)

Altars:

Shops:
D:1 =   D:2 *


Innate Abilities, Weirdness & Mutations

You are immune to poison.
You have sharp fingernails.
Your flesh is cold resistant. (rC+)
You are immune to negative energy. (rN+++)
You do not regenerate when monsters are visible.
You are immune to unholy pain and torment.
You thrive by killing the living.


Message History

The gnoll hits you but does no damage.
Attack: -) Claws
Press: ? - help, Dir - move target, f - gnoll, p - gnoll
Aim: a gnoll, wielding a +0 halberd (haloed, about 15% to evade your claws)
You barely miss the gnoll. The gnoll barely misses you.
The gnoll hits you from afar with a +0 halberd.
The gnoll hits you but does no damage.
The gnoll hits you from afar with a +0 halberd!
* * * LOW HITPOINT WARNING * * *
The gnoll hits you from afar with a +0 spear.
* * * LOW HITPOINT WARNING * * *
You see here a +0 whip.
It was a potion of berserk rage.
You feel slightly irritated. The gnoll closely misses you.
Your magical contamination has completely faded away.
Attack: -) Claws
Press: ? - help, Dir - move target, f - gnoll, p - gnoll
Aim: a gnoll, wielding a +0 spear (lightly wounded, haloed, about 15% to evade your claws)
You barely miss the gnoll.
The gnoll is lightly wounded.
The gnoll closely misses you.
The gnoll hits you from afar with a +0 halberd.
* * * LOW HITPOINT WARNING * * *
Attack: -) Claws
Press: ? - help, Dir - move target, f/p - gnoll
Aim: a gnoll, wielding a +0 spear (lightly wounded, haloed, about 15% to evade your claws)
You barely miss the gnoll.
The gnoll is lightly wounded.
The gnoll hits you but does no damage.
The gnoll hits you from afar with a +0 halberd.
* * * LOW HITPOINT WARNING * * *
Aiming: Sandblast (safe; 100% risk of failure)
Press: ? - help, Q - select action Shift-Dir - straight line, f/p - gnoll
Aim: a gnoll, wielding a +0 spear (lightly wounded, haloed, 87% to hit)
You miscast Sandblast.
You are very lightly contaminated with residual magic.
Nothing appears to happen.
The gnoll barely misses you.
The gnoll hits you from afar with a +0 halberd.
You die...

### ###†### .
#..####...# ...
#.......######....
#.##..............
#....##...........
#.................
##..g#............
####g.............
#..@.##.......##.#
######....##......... .
##...#..........#..####
##...............##.#
#.>.........###..# ..
#...........##. ..
#.............. .
##.........##..
##...#....# .##


You could see 2 gnolls.

Vanquished Creatures
  Terence (D:2)
  2 adders (D:2)
  A dart slug (D:1)
  An orc (D:3)
  2 ball pythons
  2 endoplasms (D:1)
  2 giant cockroaches
  4 goblins
  7 hobgoblins
  9 jackals
  3 quokkas (D:1)
  2 bats (D:1)
  3 frilled lizards (D:1)
  2 kobolds
  A rat (D:1)
42 creatures vanquished.

Notes
Turn   | Place    | Note
-------+----------+-------------------------------------------
     0 | D:1      | altug the Ghoul Monk began the quest for the Orb.
     0 | D:1      | Reached XP level 1. HP: 19/19 MP: 0/0
    88 | D:1      | Found Boreamn's Jewellery Boutique.
    92 | D:1      | Reached XP level 2. HP: 26/26 MP: 1/1
   422 | D:1      | Reached XP level 3. HP: 33/33 MP: 2/2
   853 | D:2      | Learned a level 1 spell: Sandblast
   890 | D:2      | Found Hofuripi's General Store.
   892 | D:2      | Noticed Terence
   898 | D:2      | Reached skill level 1 in Stealth
   908 | D:2      | Killed Terence
   909 | D:2      | Reached XP level 4. HP: 16/40 MP: 0/3
  1006 | D:2      | Bought a potion of curing for 30 gold pieces
  1941 | D:3      | Slain by a gnoll

Illustrated notes

Levels and vault maps discovered:
D:1:      dpeg_arrival_erosion, layout_basic, serial_shops, nicolae_square_shop,
          minmay_strange_pillars, minmay_heptomino_l4
D:2:      layout_basic, serial_shops, shop, uniq_terence
D:3:      lemuel_castle_with_subvaults [lemuel_castle_interior_carwin_2],
          layout_rooms, jmf_multi_god_temple2

Skill      XL: |  1  2  3 |
---------------+----------+-----
Dodging        | 3 |  3.2
Stealth        | 1 |  1.2
Fighting       | 4 |  4.0
Unarmed Combat | 4 |  4.4
Spellcasting   | |  0.1
Earth Magic    | |  0.2

Action                     |  1- 3 |  4- 6 || total
---------------------------+-------+-------++-------
  Melee: Unarmed           |    77 |    42 ||   119
   Cast: Sandblast         |     4 |       ||     4
    Use: Potion            |       |     3 ||     3
 Armour: Robe              |     7 |       ||     7
         Chain mail        |       |    35 ||    35
  Dodge: Dodged            |    33 |    54 ||    87
